cohdb
Replays
Latest Replays
All Replays
Popular Replays
Top Player Replays
Match Explorer
How It Works
Community
CoH3 Stats
Reddit
Sign in to upload your games and track your stats! →
Sign in with Steam
Match 44695735
Unlisted
Match 44695735
Overview
Messages
Build Orders
End
Royal Engineer Section
Selects Heavy Armor Battlegroup
Royal Engineer Section
Construct Section Command Post
Construct Platoon Command Post
Humber Armored Car
Humber Armored Car
Selects Rigorous Vehicle Training
Humber Armored Car
6-pounder Anti-tank Gun Team
Light Vehicle Training
6-pounder Anti-tank Gun Team
CMP 15cwt Truck
Vickers Machine Gun Team
Selects Forward Repair Assembly
Selects Light Vehicle Withdraw and Refit
Selects UNKNOWN (202330)
Construct Company Command Post
Crusader AA Medium Tank
Selects Recon Artillery
Armored Vehicle Training
Royal Engineer Section
Crusader AA Medium Tank
Crusader AA Medium Tank
Crusader AA Medium Tank
Team Weapon Training
6-pounder Anti-tank Gun Team
Royal Engineer Section
Crusader AA Medium Tank
6-pounder Anti-tank Gun Team
Recon Artillery
Infantry Training
Ikarus [GER]
matrix4x4
Shaka
Jayx_KR
MrLift
izi
SUPER_NOOB
Khalil
0
0
Comments
sign in to comment!
No comments posted yet!